Cogmind - Beta 10.2 @@@ ROGUE MODE // 2021.01.18 @ 14:54:39 Player: Cookedpoo Result: Destroyed by as-54210 with Assembled Heavy Rifle Performance ------------- Evolutions (0) 0 Regions Visited (2) 400 Robots Destroyed (34) 170 Value Destroyed (862) 862 Prototype IDs (3) 60 Alien Tech Used (0) 0 Bonus (0) 0 TOTAL SCORE: 1492 Bonus ------- None Cogmind --------- Core Integrity 0/250 Matter 209/300 Energy 206/250 System Corruption 0% Temperature Cool (21) Movement Walking (180) Ox2 Location -10/Mines Parts ------- > --- POWER (1) -------- Ion Engine > --- PROPULSION (2) --- Aluminum Leg Aluminum Leg > --- UTILITY (2) ------ Large Storage Unit Large Storage Unit > --- WEAPON (2) ------- Light Cannon Light Cannon > --- INVENTORY (16) --- Aluminum Leg Aluminum Leg Aluminum Leg Aluminum Leg Medium Storage Unit Hacking Suite Heavy EM Pulse Gun Heavy EM Pulse Gun Heavy EM Pulse Gun Heavy EM Pulse Gun Spread Laser Spread Laser Spread Laser Spread Laser Peak State ------------ > --- POWER ------------ Light Nuclear Core > --- PROPULSION ------- Aluminum Leg Aluminum Leg > --- UTILITY ---------- Large Storage Unit Large Storage Unit > --- WEAPON ----------- Medium Laser Medium Laser > --- INVENTORY -------- Ion Engine Aluminum Leg Aluminum Leg Aluminum Leg Aluminum Leg Improved Heat Sink Medium Storage Unit Hardened Light Armor Plating Hardened Light Armor Plating Hacking Suite EM Pulse Gun Heavy EM Pulse Gun Heavy EM Pulse Gun Heavy EM Pulse Gun Heavy EM Pulse Gun Light Assault Rifle [Rating: 11] Favorites ----------- Power Ion Engine Engine Ion Engine Power Core Light Nuclear Core Propulsion Aluminum Leg Leg Aluminum Leg Wheel Wheel Utility Large Storage Unit Storage Large Storage Unit Weapon Light Cannon Energy Gun Medium Laser Ballistic Gun Assault Rifle Ballistic Cannon Light Cannon Build | -11 -10 -10 ------- Run | Scr Mat Min Slots Evolved . | . . . Power . | . . . Propulsion . | . . . Utility . | . . . Weapon . | . . . Parts Attached 40 | 7 31 2 Power 7 | 1 5 1 Engine 6 | 1 4 1 Core 1 | . 1 . Reactor . | . . . Propulsion 17 | 2 14 1 Treads . | . . . Leg 15 | . 14 1 Wheel 2 | 2 . . Hover . | . . . Flight . | . . . Utility 4 | 2 2 . Device . | . . . Storage 4 | 2 2 . Processor . | . . . Hackware . | . . . Protection . | . . . Artifact . | . . . Weapon 12 | 2 10 . Energy Gun 7 | 1 6 . Energy Cannon . | . . . Ballistic Gun 1 | 1 . . Ballistic Cannon 4 | . 4 . Launcher . | . . . Special Weapon . | . . . Impact Weapon . | . . . Slashing Weapon . | . . . Piercing Weapon . | . . . Special Melee Weapon . | . . . Unidentified Prototypes . | . . . Parts Lost 5 | . 4 1 Power 2 | . 1 1 Propulsion 1 | . 1 . Utility . | . . . Weapon 2 | . 2 . Highest Loss Streak 2 | . 2 1 Average Slot Usage (%) 98 | . 98 99 Engine 11 | . 11 13 Core 1 | . 2 . Leg 26 | . 26 28 Wheel 1 | . 1 . Storage 28 | . 28 28 Energy Gun 12 | . 14 . Ballistic Gun 4 | . 5 . Ballistic Cannon 10 | . 8 28 Naked Turns . | . . . Heaviest Build 43 | 15 43 43 Greatest Support 20 | 20 20 20 Greatest Overweight (x) 3 | . 3 2 Average Overweight (x) 1 | . 1 1 Largest Inventory Capacity 16 | 8 16 16 Average Capacity 14 | 5 15 16 Most Carried 16 | 8 16 16 Average Carried 14 | 2 14 15 Final Capacity 16 | 8 16 16 Final Carried 16 | 8 16 14 Class Distribution -------------------- 81% | Mutant 18% | Scavenger-Mutant Dominant Class ---------------- Mutant | -10/Materials Mutant | -10/Mines Resources | -11 -10 -10 ----------- Run | Scr Mat Min Matter Collected 895 | 271 624 . Remotely . | . . . Salvage Created 1194 | 52 1142 . Parts 80 | 3 77 . Haulers Intercepted 2 | . 2 . Recyclers Shooed 1 | . 1 . Parts Field Recycled . | . . . Retrieved Matter . | . . . Parts Self-Destructed . | . . . Prevented . | . . . Kills | -11 -10 -10 ------- Run | Scr Mat Min Combat Hostiles Destroyed 24 | . 24 . Guns 14 | . 14 . Cannons 10 | . 10 . Classes Destroyed 7 | 1 6 . Worker 2 | . 2 . Hauler 2 | . 2 . Recycler 2 | 1 1 . Operator 2 | . 2 . Watcher 2 | . 2 . Swarmer 3 | . 3 . Grunt 21 | . 21 . Best Kill Streak 6 | 1 6 . Combat Bots Only 6 | . 6 . Max Kills in Single Turn 2 | 1 2 . Gunslinging . | . . . Exploded . | . . . Melee . | . . . Uniques/NPCs Destroyed . | . . . Combat | -11 -10 -10 -------- Run | Scr Mat Min Damage Taken 1274 | . 988 286 Core 262 | . 191 71 Absorbed by Shields . | . . . Core Remaining (%) 100 | 100 . . Volleys Fired 102 | 1 93 8 Largest 2 | 2 2 2 Hottest 100 | 70 100 70 Shots Fired 198 | 2 180 16 Gun 136 | 2 134 . Cannon 62 | . 46 16 Launcher . | . . . Special . | . . . Kinetic 113 | 1 96 16 Thermal 85 | 1 84 . Explosive . | . . . Electromagnetic . | . . . Robot Hit Streak 15 | 2 15 3 Robot Miss Streak 3 | . 3 3 Penetration Max . | . . . Secondary Targets 1 | . 1 . Max Gunslinging Chain 1 | . 1 . Shots Hit Robots 126 | 2 117 7 Core Hits 57 | 2 54 1 Critical Hits 2 | . 2 . Critical Kills . | . . . Critical Parts Destroyed 2 | . 2 . Melee Attacks . | . . . Impact . | . . . Slashing . | . . . Piercing . | . . . Sneak Attacks . | . . . Combat Hostiles . | . . . Follow-up Attacks . | . . . Damage Inflicted 1607 | 27 1473 107 Guns 1093 | 27 1066 . Cannons 514 | . 407 107 Explosions . | . . . Melee . | . . . Ramming . | . . . Kinetic 880 | 15 758 107 Thermal 727 | 12 715 . Explosive . | . . . Electromagnetic . | . . . Impact . | . . . Slashing . | . . . Piercing . | . . . Highest Corruption . | . . . Average Corruption . | . . . Corruption Purged . | . . . Overload Shots . | . . . Overflow Damage . | . . . Projectiles . | . . . Explosions . | . . . Melee . | . . . Knockbacks 9 | . 6 3 Impact . | . . . Kinetic 8 | . 6 2 Secondary 1 | . . 1 Self-Inflicted Damage . | . . . Shots . | . . . Rammed . | . . . Targets Rammed . | . . . Kicked . | . . . Crushed . | . . . Highest Temperature 339 | 9 339 45 Average Temperature 78 | 6 83 19 Received Heat Transfer 381 | . 381 . Siege Activations . | . . . Robots Corrupted . | . . . Combat Hostiles . | . . . Parts Fried . | . . . Impact Corruptions . | . . . Robots Melted . | . . . Combat Hostiles . | . . . Parts Melted 3 | . 3 . Heat Transferred 1957 | 37 1920 . Parts Sabotaged . | . . . Parts Stolen . | . . . Parts Stripped . | . . . Power Chain Reactions . | . . . Missiles Intercepted . | . . . Alert | -11 -10 -10 ------- Run | Scr Mat Min Peak Influence 278 | 5 278 94 Initial 94 | . 3 94 Average 130 | 1 139 92 Maximum Alert Level 1 | . 1 . Low Security (%) 83 | 100 80 100 Level 1 16 | . 19 . Level 2 . | . . . Level 3 . | . . . Level 4 . | . . . Level 5 . | . . . High Security . | . . . Max Security . | . . . Squads Dispatched 8 | . 8 . Investigation 6 | . 6 . Extermination . | . . . Reinforcement 2 | . 2 . Assault . | . . . Garrison . | . . . Intercept . | . . . Construction Impeded . | . . . Haulers Reinforced . | . . . Stealth | -11 -10 -10 --------- Run | Scr Mat Min Distress Signals 1 | . 1 . Communications Jammed . | . . . Distress Signals . | . . . Times Spotted 43 | . 39 4 Peak Tracking Total 6 | . 6 2 Tactical Retreats 1 | . 1 . Traps | -11 -10 -10 ------- Run | Scr Mat Min Traps Triggered 3 | . 3 . Indirectly . | . . . Trap Hack Attempts . | . . . Triggered . | . . . Disarmed . | . . . Reprogrammed . | . . . Reused . | . . . Traps Extracted . | . . . Installed . | . . . Triggered . | . . . Machines | -11 -10 -10 ---------- Run | Scr Mat Min Machines Disabled 1 | . 1 . Max in Single Turn 1 | . 1 . Machines Sabotaged . | . . . Garrisons Compromised . | . . . Overloaded Fab Kills . | . . . Fab Network Shutdowns . | . . . Hacking | -11 -10 -10 --------- Run | Scr Mat Min Machines Accessed 8 | . 8 . Terminals 6 | . 6 . Fabricators . | . . . Repair Stations . | . . . Recycling Units 2 | . 2 . Scanalyzers . | . . . Garrison Access . | . . . Total Hacks 22 | . 22 . Successful 12 | . 12 . Failed 10 | . 10 . Catastrophic 3 | . 3 . Database Lockouts . | . . . Manual 13 | . 13 . Terminals 20 | . 20 . Fabricators . | . . . Repair Stations . | . . . Recycling Units 2 | . 2 . Scanalyzers . | . . . Garrison Access . | . . . Terminal Hacks 7 | . 7 . Part Schematic 2 | . 2 . Prototype ID Bank 2 | . 2 . Locate Traps 2 | . 2 . Recall Reinforcements 1 | . 1 . Fabricator Hacks . | . . . Repair Station Hacks . | . . . Recycling Unit Hacks . | . . . Scanalyzer . | . . . Garrison Access Hacks . | . . . Unauthorized Hacks 5 | . 5 . Terminals 3 | . 3 . Track 1 | . 1 . Sabotage 1 | . 1 . Search 1 | . 1 . Fabricators . | . . . Repair Stations . | . . . Recycling Units 2 | . 2 . Tunnel 2 | . 2 . Scanalyzers . | . . . Garrison Access . | . . . Data Cores Recovered . | . . . Used . | . . . Hacking Detections 6 | . 6 . Full Trace Events 2 | . 2 . Feedback Events . | . . . Feedback Blocked . | . . . Robot Schematics Acquired . | . . . Robots Built . | . . . Matter . | . . . Time . | . . . Total Robot Build Rating . | . . . Part Schematics Acquired 2 | . 2 . Parts Built . | . . . Matter . | . . . Time . | . . . Total Part Build Rating . | . . . Parts Repaired . | . . . Time . | . . . Parts Recycled . | . . . Recycled Matter . | . . . Retrieved Matter . | . . . Retrieved Components . | . . . Parts Scanalyzed . | . . . Part Schematics Acquired . | . . . Parts Damaged . | . . . Bothacking | -11 -10 -10 ------------ Run | Scr Mat Min Used RIF Installer . | . . . Robots Hacked . | . . . Non-combat . | . . . Combat . | . . . Robot Hacks Applied . | . . . Relay Couplers Released . | . . . Robots Rewired . | . . . Allies Hacked . | . . . Hacks Repelled . | . . . Allies | -11 -10 -10 -------- Run | Scr Mat Min Total Allies . | . . . Largest Group . | . . . Highest-Rated Group . | . . . Highest-Rated Ally . | . . . Total Orders . | . . . Ally Attacks . | . . . Total Damage . | . . . Kills . | . . . Allies Corrupted . | . . . Allies Melted . | . . . Intel | -11 -10 -10 ------- Run | Scr Mat Min Robot Analysis Total . | . . . Derelict Logs Recovered 1 | . . 1 Drone Launches . | . . . Drone Recoveries . | . . . Exploration | -11 -10 -10 ------------- Run | Scr Mat Min Turns Passed 2056 | 60 1797 199 Spaces Moved 995 | 49 850 96 Core 1 | 1 . . Treads . | . . . Legs 886 | . 790 96 Wheels 108 | 48 60 . Hover . | . . . Flight . | . . . Fastest Speed 50 | 50 80 150 Average Speed 158 | 79 160 178 Slowest Speed 210 | 80 210 180 Overloaded Moves . | . . . Propulsion Burnouts . | . . . Robots Hopped . | . . . Cave-ins Triggered . | . . . Exploration Rate (%) 42 | 3 95 28 Regions Visited 2 Branch Regions 1 Pre-discovered Areas 3 | . 2 1 Known Exits Taken . | . . . Unknown Exits Taken 2 | 1 1 . Scrap Searched . | . . . Spaces Dug . | . . . Terrain Destroyed 1 | . . 1 Melee . | . . . Projectile 1 | . . 1 AOE . | . . . Terrain Rammed . | . . . Walls Destroyed . | . . . Machines Disabled . | . . . Actions | -11 -10 -10 --------- Run | Scr Mat Min Total 1291 | 64 1117 110 Wait 80 | . 77 3 Move 993 | 48 849 96 Hop . | . . . Pick Up 35 | 8 27 . Fast Attach 15 | 7 8 . Attach 4 | . 3 1 Detach . | . . . Swap 21 | . 20 1 Drop 41 | . 40 1 Fire 102 | 1 93 8 Melee . | . . . Ram . | . . . Kick . | . . . Crush . | . . . Escape Stasis . | . . . Rewire . | . . . Trap . | . . . Miscellaneous . | . . . Route ------- -11/Scrapyard -10/Materials (discovered 4 exits: [*Mat x3] / [*Min]) -10/Mines (discovered 1 exit: [*Exi]) History --------- Turn | Location | Event 9 | -11/Scrapyard | Discovered new exit (range 16) 61 | -11/Scrapyard | Entered Materials 289 | -10/Materials | Discovered new exit (range 10) 629 | -10/Materials | Discovered new exit (range 16) 1070 | -10/Materials | Build established: Mutant 1320 | -10/Materials | Core integrity fell below 50% 1495 | -10/Materials | Discovered new exit (range 16) 1685 | -10/Materials | Discovered new exit (range 15) 1858 | -10/Materials | Entered Mines 1868 | -10/Mines | Met a Derelict bent on vengeance 1966 | -10/Mines | Learned location of Storage (-8) 1994 | -10/Mines | Assembled infested the area 2028 | -10/Mines | Core integrity fell below 20% 2042 | -10/Mines | Deemed a non-threat by the Exiles lab entrance 2042 | -10/Mines | Discovered new exit (range 5) 2057 | -10/Mines | Destroyed by as-54210 with Assembled Heavy Rifle Last Messages --------------- 01696_ Acquired Aluminum Leg. 01697_ Acquired 36 matter. 01704_ Dropped Ion Engine. 01704_ Acquired Ion Engine. LOCATION=UNKNOWN GOAL=ESCAPE Something is scanning the area. 01966_ Acquired derelict log, extracted data. World map updated: -8/Storage. 01994_ ALERT: Infestation in the mines, dispatching Demolisher response squad. 01996_ C-30 ARC bursts open, deploying its payload. 01996_ D-53 Grenadier unfolds itself. 02000_ The unstable cave ceiling collapses. 02029_ Ion Engine destroyed. 02042_ Dropped Aluminum Leg. 02042_ "No threat detected, you may enter." 02042_ EXIT=FOUND 02050_ as-27818 knocked back. 02056_ as-54210 knocked back. Map ----- +----------------------------------------------------+ | ?????????????????????????????????????????????????? | | ?????????????????????????????????????????????????? | | ?????????????????????????????????????????????????? | | ?????????????????????????????????????????????????? | | ???????????????????????????###???????????????????? | | ??????????????????????????## ##??????????????????? | | ????????????????????????### #??????????????????? | | ???????????????????????## #??????????????????? | | ???????????????????????# ??????????????###### | | ???????????????????????# #?????#####???## | | ???????????????????????# ##???# ##?## | | ??#?????????????????????# ##?# #?# ## | | ### ?????????????????????# ## #??# ###? | | ? ???????????????###### #???# ##??? | | ?## #??????????????# #???## #???? | | ?# #?????????????# ### ##???# ##???# | | ?? ##########???# #?# ##???## ##### | | ?# """ ##??# ### ##????# ## | | # """ #### ## #?????# | | """ ## ##????## | | * #### ##????## | | !%] ######### #### ###???## | | ?# " #### #???????# = ## ##??## | | ?#"%?????## #???????### a## #?## | | ?#????????## ##????????## ### ### | | ???????????####?????????#@ #?# | | ????????????????????????# ##?# | | ????????????????????????< #?# ###### ##### | | ???????????????????????####?# #####????####???? | | ????????????????????????????## ##???????????????? | | ?????????????????????????????###?????????????????? | | ?????????????????????????????????????????????????? | | | | | | | | | | | | | | | | | | | | | | | | | | | | | | | | | | | | | +----------------------------------------------------+ Best States ------------- Heat Dissipation 25 Energy Generation 14 Energy Capacity 250 Matter Stores 300 Matter Capacity 300 Sight Range 16 Terrain Scan Density 10 Evasion (%) 44 Item Schematics ----------------- Hcp. Storage Unit | -10/Materials | Hacked Med. Storage Unit | -10/Materials | Hacked Robot Schematics ------------------ None Fabricated ------------ Nothing Alien Tech Used ----------------- None Achievements -------------- None Challenges ------------ None Game ------ Seed ZioniteAssembledCompactor Manual? 0 Play Time 00:16:49 Cumulative 66.9 hours Start 2021.01.18 @ 14:38:30 End 2021.01.18 @ 14:54:39 Sessions 1 Manual Loads 0 Difficulty Rogue Special Mode None Game No. 77 Rogue 77 Adventurer 0 Explorer 0 Win Type - Total 0 Types 0/0/0/0/0/0/0/0/0 Lore% 44 Gallery% 46 Achievement% 37 Wizard Run 0 Options --------- ASCII 1 Keyboard 0 Movement Mouse Keybinds 0 Fullscreen 1 Font 18/SmallcapsGlow Map View 76x50 Tactical HUD 1 Map Filters NONE Filters NONE Steam 1 RUN: 341a4581-7ef1-4a26-870c-f30cd5b3139d